Map: Abyssal Reef LE

Players

Juxtapose

  • Race: Protoss Protoss
  • Spawn Location: 5:00

AMED - Winner!

  • Race: Zerg Zerg
  • League: Platinum
  • Spawn Location: 11:00

VOD

https://youtu.be/Z-IwqGNj_rI

Description

My first match in over a week, and my first match against a Platinum opponent.

I shouldn't have opened with an Oracle harass and should have went Adepts instead of Zealots. Going for Disruptors would have been the smart play, but live and learn.

Time

  • Played on: May 28, 2017, 4:39 p.m.
  • Length: 10:54
Show
View Real Time Build Order
Export as new Build Order

Juxtapose Protoss 

Build Orders: Oracle Opening 

Get SALT Encoding   

  12  0:01  Probe (Chrono Boost)  
  13  0:12  Probe (Chrono Boost)  
  14  0:18  Pylon  
  14  0:23  Probe (Chrono Boost)  
  15  0:36  Probe (Chrono Boost)  
  15  0:39  Gateway  
  16  0:47  Probe (Chrono Boost)  
  17  0:51  Pylon  
  17  0:57  Probe (Chrono Boost)  
  17  1:03  Assimilator  
  18  1:08  Probe (Chrono Boost)  
  19  1:20  Assimilator  
  19  1:33  Cybernetics Core  
  19  1:41  Probe (Chrono Boost)  
  20  1:48  Zealot  
  20  1:52  Probe (Chrono Boost)  
  23  2:02  Probe (Chrono Boost)  
  23  2:04  Pylon  
  24  2:24  Stargate  
  24  2:41  Zealot, Nexus  
  25  2:44  Warp Gate  
  25  2:47  Pylon  
  25  2:56  Mothership Core (Chrono Boost)  
  27  3:11  Oracle  
  30  3:14  Probe (Chrono Boost)  
  31  3:44  Oracle  
  31  3:45  Probe (Chrono Boost)  
  35  3:57  Nexus  
  35  4:00  Pylon  
  35  4:02  Pylon  
  35  4:08  Zealot  
  37  4:14  Gateway  
  37  4:18  Forge  
  37  5:19  Probe (Chrono Boost)  
  39  5:22  Probe (Chrono Boost)  
  36  5:29  Probe (Chrono Boost)  
  36  5:35  Probe (Chrono Boost)  
  35  5:37  Robotics Facility  
  35  5:40  Probe (Chrono Boost)  
  36  5:44  Photon Cannon  
  36  5:46  Photon Cannon  
  36  5:47  Probe (Chrono Boost)  
  37  5:53  Gateway  
  37  6:01  Twilight Council  
  37  6:05  Probe (Chrono Boost)  
  37  6:07  Probe (Chrono Boost)  
  39  6:16  Probe (Chrono Boost)  
  41  6:19  Probe (Chrono Boost)  
  41  6:21  Stalker  
  41  6:22  Stalker  
  45  6:27  Probe (Chrono Boost)  
  45  6:29  Protoss Ground Weapons Level 1  
  45  6:31  Probe (Chrono Boost)  
  47  6:46  Immortal  
  51  6:51  Probe (Chrono Boost)  
  51  6:53  Probe (Chrono Boost)  
  53  6:58  Stalker x2  
  57  7:17  Zealot  
  57  7:22  Charge  
  59  7:23  Immortal  
  59  7:28  Probe (Chrono Boost)  
  59  7:29  Probe (Chrono Boost)  
  65  7:40  Nexus  
  65  7:41  Pylon, Assimilator  
  65  7:44  Assimilator, Probe (Chrono Boost)  
  67  7:45  Pylon, Probe (Chrono Boost)  
  67  7:57  Immortal, Zealot  
  73  8:23  Protoss Ground Armor Level 1  
  73  8:28  Probe (Chrono Boost)  
  74  8:35  Photon Cannon  
  74  8:37  Photon Cannon  
  74  8:38  Probe (Chrono Boost)  
  75  8:49  Probe (Chrono Boost)  
  76  8:56  Void Ray  
  76  8:59  Probe (Chrono Boost)  
  81  9:13  Observer  
  82  9:31  Observer  
  83  9:39  Zealot x2, Void Ray  
  83  9:40  Zealot  
  55  10:02  Zealot x2  
  55  10:03  Zealot  
  57  10:11  Immortal  
  58  10:15  Mothership Core (Chrono Boost)  
Show
View Real Time Build Order
Export as new Build Order

AMED Zerg - Winner!

Build Orders: Hatch First, Lurkers 

Get SALT Encoding   

  12  0:01  Drone  
  13  0:14  Drone  
  13  0:17  Extractor  
  13  0:18  Extractor  
  13  0:19  Drone  
  13  0:22  Drone  
  16  0:49  Hatchery  
  15  1:02  Spawning Pool  
  14  1:04  Extractor  
  14  1:05  Drone  
  14  1:16  Overlord  
  14  1:26  Extractor, Drone  
  14  1:34  Drone x2  
  16  1:43  Drone  
  17  1:55  Zergling x2  
  17  1:57  Queen  
  20  2:05  Zergling x2  
  21  2:16  Zergling x6  
  24  2:31  Metabolic Boost  
  24  2:39  Lair  
  24  2:55  Drone x3  
  24  2:56  Drone  
  28  3:05  Overlord  
  28  3:35  Drone x2  
  28  3:36  Drone  
  28  3:38  Spore Crawler  
  30  3:41  Hydralisk Den  
  30  3:42  Queen  
  31  4:01  Drone x3  
  31  4:02  Drone x2  
  36  4:14  Overlord  
  36  4:15  Overlord  
  36  4:30  Lurker Den  
  36  4:33  Drone x3  
  37  4:56  Hydralisk x3  
  37  4:57  Hydralisk x2  
  46  5:04  Hydralisk  
  46  5:14  Queen  
  48  5:36  Extractor  
  48  5:37  Hydralisk x2, Drone, Extractor  
  48  5:40  Overlord  
  51  5:52  Overlord  
  51  5:57  Lurker  
  51  5:58  Lurker x3  
  55  6:07  Drone x2  
  55  6:08  Drone x3  
  60  6:16  Overseer  
  60  6:21  Hydralisk x2  
  64  6:31  Zergling x8  
  68  6:38  Overlord  
  68  6:41  Muscular Augments  
  68  6:45  Overlord  
  68  6:55  Overlord  
  68  6:56  Overlord x2  
  68  6:57  Drone x3  
  71  7:08  Hydralisk x2  
  71  7:09  Hydralisk  
  77  7:20  Drone x4  
  81  7:23  Hydralisk  
  83  7:31  Overseer  
  83  7:46  Hydralisk x5  
  93  7:56  Hydralisk x3  
  99  8:12  Hydralisk x3  
  99  8:13  Hydralisk  
  99  8:16  Zergling x2  
  99  8:17  Overlord  
  108  8:40  Drone x5  
  113  8:50  Hatchery  
  112  9:10  Hydralisk x2  
  112  9:13  Overlord  
  112  9:14  Overlord  
  113  9:36  Zergling x16  
  115  9:54  Hydralisk x3  
  107  10:22  Hydralisk x5  
Tags
 
Add a new tag
Caveats
  • Supply blocks, unpowered buildings, or Contaminate may cause inaccurate times.
  • Supply counts are checked every 10 seconds.